 Dungeon Crawl Stone Soup version 0.25.0-26-g0c896c7088 (webtiles) character file.

Game seed: 11095414297049831519

3365 MisterFreud the Grappler (level 9, -2/69 HPs)
             Began as a Demonspawn Abyssal Knight on July 5, 2020.
             Was a Priest of Lugonu.
             Killed from afar by Dowan (13 damage)
             ... with a stone arrow
             ... on level 7 of the Dungeon.
             The game lasted 00:12:26 (9415 turns).

MisterFreud the Grappler (DsAK)                     Turns: 9415, Time: 00:12:27

Health: -2/69      AC: 13    Str: 14    XL:     9   Next: 73%
Magic:  12/12      EV:  6    Int: 20    God:    Lugonu [***...]
Gold:   343        SH:  6    Dex: 12    Spells: 8/8 levels left

rFire    . . .     SeeInvis +     - Unarmed
rCold    + . .     Gourm    .   (no shield)
rNeg     . . .     Faith    .   u - +3 chain mail of Dojoramp {rC+ Int+4 SInv}
rPois    +         Spirit   .   (no helmet)
rElec    .         Reflect  .   (no cloak)
rCorr    .         Harm     .   (no gloves)
MR       .....                  (no boots)
Stlth    ..........             (no amulet)
HPRegen  0.21/turn              v - ring of poison resistance
MPRegen  0.13/turn              (no ring)

@: no status effects
A: talons 2, large bone plates 2, demonic guardian 1, nightstalker 1
a: Depart the Abyss, Bend Space, Banish, Renounce Religion


You were on level 7 of the Dungeon.
You worshipped Lugonu.
Lugonu was most pleased with you.
You were not hungry.

You visited 1 branch of the dungeon, and saw 7 of its levels.
You visited the Abyss 1 time.

You collected 343 gold pieces.

Inventory:

Missiles
 e - 4 throwing nets (quivered)
 n - 8 javelins
 o - 5 atropa-tipped darts
 s - 37 poisoned darts
 C - 8 silver javelins
 E - 5 datura-tipped darts
Armour
 u - the +3 chain mail of Dojoramp (worn) {rC+ Int+4 SInv}
   (You took it off an orc priest on level 5 of the Dungeon)

   It affects your intelligence (+4).
   It protects you from cold.
   It lets you see invisible.
Jewellery
 v - a ring of poison resistance (left hand)
 B - an uncursed amulet of regeneration {unknown}
Wands
 f - a wand of flame (29)
 D - a wand of polymorph (12)
Scrolls
 a - a scroll of noise {unknown}
 h - a scroll of enchant armour {unknown}
 i - 6 scrolls of teleportation
 j - 2 scrolls of magic mapping
 k - 2 scrolls of remove curse {unknown}
 q - a scroll of immolation {unknown}
 t - 5 scrolls of identify {unknown}
 w - 2 scrolls of silence {unknown}
 x - a scroll of amnesia {unknown}
 y - a scroll of fog {unknown}
 z - a scroll of enchant weapon {unknown}
 F - 3 scrolls of fear {unknown}
Potions
 d - a potion of heal wounds {unknown}
 g - a potion of mutation {unknown}
 l - 2 potions of degeneration {unknown}
 m - a potion of resistance {unknown}
 p - 2 potions of might
 r - a potion of flight {unknown}
 A - a potion of invisibility {unknown}
 G - 2 potions of curing
Comestibles
 b - 13 rations
 c - 7 chunks of flesh


   Skills:
 - Level 6.0 Fighting
 + Level 5.9 Armour
 - Level 0.8 Dodging
 - Level 10.0 Unarmed Combat
 + Level 5.1 Invocations


You had 8 spell levels left.
You didn't know any spells.
Your spell library contained the following spells:

 Spells                   Type           Power        Failure   Level  Hunger
 Animate Skeleton         Necr           N/A          98%         1    ##.....
 Pain                     Necr           #...         98%         1    ##.....
 Vampiric Draining        Necr           #.........   100%        3    ####...
 Animate Dead             Necr           N/A          100%        4    #####..
 Agony                    Necr           #.......     100%        5    ######.


Dungeon Overview and Level Annotations

Branches:
Dungeon (7/15)             Temple (0/1) D:4

Altars:
Cheibriados
Dithmenos
Hepliaklqana
Makhleb
Okawaru
Qazlal
Ru
Sif Muna
Trog
Uskayaw
Vehumet
Wu Jian
Yredelemnul

Annotations:
D:7 1 runed translucent door, Dowan; EriolAelfwine's ghost, novice TrFi


Innate Abilities, Weirdness & Mutations

You have razor-sharp toenails.
You are mostly covered in large bone plates. (SH +6)
A weak demonic guardian rushes to your aid.
You are slightly more attuned to the shadows.


Message History

Dowan casts a spell at you. The shard of ice hits you. You partially resist.
You hit Dowan but do no damage.
Dowan is severely wounded.
Dowan gestures at you while chanting. The shard of ice hits you!
You partially resist.
* * * LOW HITPOINT WARNING * * *
Unknown command.
You closely miss Dowan.
Dowan is severely wounded.
Dowan barely misses you.
You hit Dowan.
Dowan is almost dead.
You block Dowan's attack.
You barely miss Dowan.
Dowan is almost dead.
Dowan says, "How can I live without her?"
Dowan points at you and mumbles some strange words.
The stone arrow hits you!
You die...

##..<...........##.
##.....#........+..
#.....###......[##.
####).#...##........##
#####....####..# ... #..#
#..#.......#...#.. #...
........#......... ####...
......####........##......
.....####@..............).
......)#e).#............))
...#..O##.#..............
#............##......#
#.##.........#........ #.
......... .##..... #.
....... #..... .. .#....
#.... .. .##... .....


You could see an ogre and Dowan (fast).

Vanquished Creatures
  Pikel (D:5)
  Joseph (D:7)
  Maggie (D:7)
  Menkaure (D:5)
  Duvessa (D:7)
  A water moccasin (D:6)
  An orc warrior (D:6)
  A phantom (D:5)
  2 sky beasts
  2 black bears (D:6)
  A necrophage (D:6)
  2 ogres
  A centaur (D:7)
  A bullfrog (D:6)
  A scorpion (D:5)
  A crimson imp (D:5)
  A hound (D:6)
  A jelly (D:5)
  5 orc priests
  7 orc wizards
  2 bullfrog skeletons
  2 centaur skeletons
  2 iguanas (D:6)
  4 worker ants
  2 hound zombies (D:5)
  A hound skeleton (D:4)
  3 adders
  4 gnolls (D:3)
  2 oozes
  An adder skeleton (D:6)
  3 worms
  A dart slug (D:2)
  3 leopard geckos
  22 orcs
  5 bats
  3 giant cockroaches
  5 goblins
  8 hobgoblins
  10 jackals
  13 kobolds
  A quokka (D:6)
  4 ball pythons (D:1)
  3 frilled lizards
  A goblin zombie (D:4)
  A jackal skeleton (D:5)
  A leopard gecko skeleton (D:4)
  9 rats
  A rat zombie (D:4)
150 creatures vanquished.

Vanquished Creatures (collateral kills)
  Prince Ribbit (D:6)
  An ice beast (D:5)
  A black bear (D:6)
  A worker ant (D:4)
  A hound skeleton (D:7)
  5 orcs
10 creatures vanquished.

Vanquished Creatures (others)
  Sigmund (D:4)
  A slave (D:4)
  An adder skeleton (D:4)
  3 orcs (D:4)
6 creatures vanquished.

Grand Total: 166 creatures vanquished

Notes
Turn   | Place    | Note
-------+----------+-------------------------------------------
     0 | Abyss:1  | MisterFreud the Demonspawn Abyssal Knight began the quest
                  | for the Orb.
     0 | Abyss:1  | Reached XP level 1. HP: 18/18 MP: 2/2
    54 | Abyss:1  | Noticed a small abomination
    57 | D:1      | Escaped the Abyss
   122 | D:1      | Reached skill level 2 in Unarmed Combat
   522 | D:1      | Gained mutation: You are partially covered in large bone
                  | plates. (SH +4) [demonic ancestry]
   522 | D:1      | Reached XP level 2. HP: 16/24 MP: 3/3
  1042 | D:1      | Reached skill level 3 in Unarmed Combat
  1060 | D:1      | Reached * piety under Lugonu
  1300 | D:1      | Gained mutation: You have sharp toenails. [demonic
                  | ancestry]
  1300 | D:1      | Reached XP level 3. HP: 27/29 MP: 4/4
  2325 | D:2      | Gained mutation: You have razor-sharp toenails. [demonic
                  | ancestry]
  2325 | D:2      | Reached XP level 4. HP: 26/35 MP: 5/5
  2328 | D:2      | Reached skill level 4 in Unarmed Combat
  2715 | D:3      | Found a sacrificial altar of Ru.
  2716 | D:3      | Found a snail-covered altar of Cheibriados.
  3061 | D:3      | Found a shadowy altar of Dithmenos.
  3226 | D:3      | HP: 2/52 [gnoll/+0 flail (2)]
  3580 | D:3      | Found a shimmering blue altar of Sif Muna.
  3720 | D:3      | Found a stormy altar of Qazlal.
  3720 | D:3      | Found an iron altar of Okawaru.
  3720 | D:3      | Found a basalt altar of Yredelemnul.
  3721 | D:3      | Found a burning altar of Makhleb.
  3721 | D:3      | Found an ornate altar of the Wu Jian Council.
  3798 | D:3      | Reached ** piety under Lugonu
  3902 | D:4      | Gained mutation: A weak demonic guardian rushes to your
                  | aid. [demonic ancestry]
  3902 | D:4      | Reached XP level 5. HP: 35/41 MP: 6/6
  3960 | D:4      | Reached skill level 5 in Unarmed Combat
  4204 | D:4      | Noticed Sigmund
  4205 | D:4      | Noticed a slave
  4206 | D:4      | Noticed Pikel
  4206 | D:4      | Noticed a slave
  4207 | D:4      | Noticed a slave
  4208 | D:5      | Entered Level 5 of the Dungeon
  4225 | D:5      | Killed Pikel
  4225 | D:5      | Reached skill level 6 in Unarmed Combat
  4225 | D:5      | Reached XP level 6. HP: 10/48 MP: 7/7
  4225 | D:5      | Gained mutation: You are slightly more attuned to the
                  | shadows. [demonic ancestry]
  4225 | D:5      | Reached XP level 7. HP: 12/53 MP: 8/8
  4651 | D:5      | Identified the +3 chain mail of Dojoramp {rC+ Int+4 SInv}
  5035 | D:4      | Killed Sigmund
  5038 | D:4      | Killed a freed slave
  5244 | D:4      | Found a staircase to the Ecumenical Temple.
  5572 | D:4      | Noticed Menkaure
  5785 | D:5      | Killed Menkaure
  5876 | D:5      | Reached skill level 7 in Unarmed Combat
  5952 | D:4      | Reached XP level 8. HP: 59/61 MP: 9/9
  6076 | D:5      | Reached skill level 5 in Fighting
  6380 | D:5      | Found a hide-covered altar of Uskayaw.
  6871 | D:5      | Found a radiant altar of Vehumet.
  7152 | D:6      | Found a bloodstained altar of Trog.
  7173 | D:6      | Reached skill level 5 in Armour
  7284 | D:6      | Reached skill level 8 in Unarmed Combat
  7461 | D:6      | Noticed Prince Ribbit
  7483 | D:6      | Killed Prince Ribbit
  7483 | D:6      | Gained mutation: You are mostly covered in large bone
                  | plates. (SH +6) [demonic ancestry]
  7483 | D:6      | Reached XP level 9. HP: 34/69 MP: 10/10
  7835 | D:6      | HP: 2/69 [orc priest/divine providence (12)]
  8171 | D:6      | Reached skill level 9 in Unarmed Combat
  8234 | D:6      | Reached *** piety under Lugonu
  8839 | D:7      | Noticed EriolAelfwine's ghost (novice TrFi)
  8843 | D:7      | Found a runed translucent door.
  8907 | D:7      | Found a hazy altar of Hepliaklqana.
  8907 | D:7      | Noticed Maggie
  8925 | D:7      | Killed Maggie
  8925 | D:7      | Reached skill level 10 in Unarmed Combat
  9376 | D:7      | Noticed Joseph
  9386 | D:7      | Killed Joseph
  9387 | D:7      | Noticed Dowan
  9390 | D:7      | Noticed Duvessa
  9406 | D:7      | Killed Duvessa
  9406 | D:7      | Reached skill level 5 in Invocations
  9415 | D:7      | Killed from afar by Dowan

Illustrated notes

Levels and vault maps discovered:
D:1:      evilmike_arrival_fibonacci_small, layout_basic, serial_bayou,
          serial_bayou_ford_a, serial_bayou_shore_b, serial_bayou_pond_b,
          serial_bayou_shore_b
D:2:      layout_rooms
D:3:      layout_rooms, grunt_temple_overflow_open, lemuel_doored_altar,
          overflow_temple_1_default, first_ration, supply_closet_lemuel
D:4:      layout_basic, minmay_temple_entry_ruins, enter_ossuary_4,
          kennysheep_generic_room_4, uniq_pikel, uniq_menkaure, uniq_sigmund
D:5:      layout_gridville, lemuel_coloured_pillars_altar, vehumet_altar_wand_db
D:6:      layout_cave_pods, trog_ov_bears_minmay, uniq_prince_ribbit1
D:7:      layout_cave_pools, kennysheep_little_box,
          hellmonk_ghost_happy_afterlife, uniq_duvessa, uniq_maggie, uniq_joseph

Skill      XL: |  1  2  3  4  5  6  7  8  9 |
---------------+----------------------------+-----
Unarmed Combat | 2 3 4 6 7 8 10 | 10.0
Armour         | 2 3 5 |  5.9
Fighting       | 4 6 |  6.0
Invocations    | 5 |  5.1
Dodging        | |  0.8

Action                   |  1- 3 |  4- 6 |  7- 9 || total
-------------------------+-------+-------+-------++-------
Melee: Unarmed           |   185 |   110 |   447 ||   742
       Kick              |    12 |    24 |   119 ||   155
       Punch             |       |       |     7 ||     7
Invok: Depart the Abyss  |     1 |       |       ||     1
  Use: Potion            |       |     2 |     3 ||     5
       Scroll            |       |       |     2 ||     2
 Stab: Distracted        |       |       |     1 ||     1
  Eat: Chunk             |     3 |     4 |    17 ||    24
       Ration            |       |     1 |       ||     1
Armor: Leather armour    |    39 |       |       ||    39
       Chain mail        |    21 |    43 |   232 ||   296
       Skin              |       |     2 |       ||     2
Dodge: Dodged            |    80 |    31 |   123 ||   234
Block: Other             |    26 |    22 |    95 ||   143
